 Dungeon Crawl Stone Soup version 0.30.1-11-g7821555f0a (webtiles) character file.

Game seed: 3047785458919671041

185 jagang the Slasher (level 5, -4/43 HPs)
             Began as a Barachi Monk on Nov 10, 2023.
             Slain by a gnoll bouda
             ... wielding a +0 club
              (7 damage)
             ... on level 4 of the Dungeon.
             The game lasted 00:03:58 (1935 turns).

jagang the Slasher (Barachi Monk)                   Turns: 1935, Time: 00:03:59

Health: -4/43      AC:  7    Str: 13    XL:     5   Next: 64%
Magic:  5/5        EV: 15    Int: 10    God:
Gold:   121        SH:  0    Dex: 16    Spells: 4/4 levels left

rFire   + . .        a - +0 falchion
rCold   . . .        d - orb {light}
rNeg    . . .        h - +0 scale mail
rPois   .            s - +0 helmet
rElec   .            (no cloak)
rCorr   .            (no gloves)
SInv    .            (no boots)
Will    .....        (no amulet) Stlth
                     j - +5 ring of evasion
HPRegen 0.27/turn    l - ring of protection from fire
MPRegen 0.09/turn

%: no passive effects
@: weakened, unable to hop, glowing, slow
A: amphibious, slowness 1, strong legs 1, +LOS
a: Hop


You were on level 4 of the Dungeon.
You visited 1 branch of the dungeon, and saw 5 of its levels.

You collected 121 gold pieces.

Inventory:

Hand Weapons
 a - a +0 falchion (weapon)
Missiles
 u - 3 boomerangs
Armour
 d - an orb of light (worn)
 h - a +0 scale mail (worn)
 s - a +0 helmet (worn)
Jewellery
 g - a ring of wizardry
 j - a +5 ring of evasion (left hand)
 l - a ring of protection from fire (right hand)
Wands
 t - a wand of quicksilver (10)
Scrolls
 b - a scroll of poison {unknown}
 e - 2 scrolls of blinking {unknown}
 i - a scroll of immolation {unknown}
 m - 2 scrolls of identify {unknown}
 n - a scroll of fear {unknown}
 o - 2 scrolls of teleportation {unknown}
 p - 4 scrolls of fog {unknown}
 r - a scroll of silence {unknown}
 v - 2 scrolls of vulnerability {unknown}
Potions
 c - 2 potions of ambrosia
 f - a potion of brilliance {unknown}
 k - a potion of curing {unknown}
 q - a potion of haste {unknown}
 w - a potion of attraction {unknown}


   Skills:
 + Level 4.6 Fighting
 * Level 5.5 Long Blades
 + Level 2.4 Armour
 + Level 4.2 Dodging


You had 4 spell levels left.
You didn't know any spells.
Your spell library contained the following spells:

 Spells                   Type           Power      Damage    Failure   Level
 Magic Dart               Conj           0%         1d3       86%         1
 Passwall                 Tmut/Erth      0%         N/A       95%         2
 Searing Ray              Conj           0%         2d4       95%         2
 Fulminant Prism          Conj/Hex       0%         3d5       100%        4
 Lee's Rapid Deconstruct  Erth           0%         3d4*      100%        5
 Lehudib's Crystal Spear  Conj/Erth      0%         10d2      100%        8


Dungeon Overview and Level Annotations

Branches:
Dungeon (5/15)
 Temple: D:4-7

Altars:


Innate Abilities, Weirdness & Mutations

You are amphibious.
You cover ground slowly.
You can hop short distances.
You have an extended range of vision and can be seen from far away.


Message History

You hit the gnoll bouda.
The gnoll bouda is almost dead.
The gnoll bouda completely misses you.
You completely miss the gnoll bouda.
The gnoll bouda is almost dead.
A hound comes into view.
The gnoll bouda hits you with a +0 club.
* * * LOW HITPOINT WARNING * * *
The hound barks!
You hit the gnoll bouda.
The gnoll bouda is almost dead.
The gnoll bouda gazes fiercely through you!
You feel as though you will be weak longer.
The gnoll bouda hits you but does no damage.
You barely miss the gnoll bouda.
The gnoll bouda is almost dead.
The gnoll bouda hits you with a +0 club.
* * * LOW HITPOINT WARNING * * *
Hop to where?
Press: ? - help, Dir - move target Boing!
The gnoll bouda gazes fiercely through you!
You feel as though you will be weak longer.
The gnoll bouda hits you with a +0 club.
* * * LOW HITPOINT WARNING * * *
Things that are here:
a +0 morningstar; an orc corpse You barely miss the gnoll bouda.
The gnoll bouda is almost dead.
The gnoll bouda prays to its god.
The gnoll bouda is healed somewhat.
You hit the gnoll bouda but do no damage.
The gnoll bouda is severely wounded.
The gnoll bouda hits you but does no damage.
You hit the gnoll bouda.
The gnoll bouda is almost dead.
The gnoll bouda gazes fiercely through you!
You feel as though you will be weak longer.
The gnoll bouda hits you with a +0 club!
You die...

##### ...# #.#######
#...#...# #.......#
#.# #'#####.# #.#
#)#..h#.## #.#
#.#.#g#..# #.#
#.#.#@#..### #.#
#.#.#)#....# ###.###
#...#.#.##.# #.....#
#####.#.##.#####.....#
#.#.##...........#
#.#.########.....#
#.#.# #....># #.#.
####### ..##


You could see a gnoll bouda and a hound.

Vanquished Creatures
  Jessica (D:3)
  An orc wizard (D:4)
  4 gnolls
  2 adders
  A dart slug (D:2)
  11 orcs
  3 ball pythons
  2 endoplasms
  5 giant cockroaches
  5 goblins
  3 hobgoblins
  6 jackals (D:1)
  2 bats (D:1)
  5 frilled lizards
  8 kobolds
  5 rats
64 creatures vanquished.

Notes
Turn   | Place    | Note
-------+----------+-------------------------------------------
     0 | D:1      | jagang the Barachi Monk began the quest for the Orb.
     0 | D:1      | Reached XP level 1. HP: 18/18 MP: 1/1
   103 | D:1      | Reached XP level 2. HP: 22/25 MP: 2/2
   120 | D:1      | Reached skill level 4 in Long Blades
   302 | D:1      | Reached skill level 1 in Armour
   307 | D:1      | Reached XP level 3. HP: 24/30 MP: 3/3
  1334 | D:3      | Noticed Jessica
  1343 | D:3      | Killed Jessica
  1344 | D:3      | Reached XP level 4. HP: 18/37 MP: 4/4
  1351 | D:3      | Got Qyodd's Quarto of the Syncline
  1589 | D:3      | Reached skill level 5 in Long Blades
  1796 | D:3      | You fall into a shaft and drop 2 floors!
  1796 | D:5      | Entered Level 5 of the Dungeon
  1815 | D:5      | Reached XP level 5. HP: 43/43 MP: 5/5
  1932 | D:4      | HP: 2/43 [gnoll bouda/+0 club (6)]
  1935 | D:4      | Slain by a gnoll bouda

Illustrated notes

Levels and vault maps discovered:
D:1:      dreamdust_arrival_beginning_and_end, layout_rooms
D:2:      layout_basic, minmay_crystal_water
D:3:      layout_loops_ring, uniq_jessica
D:4:      layout_rooms, nicolae_dithmenos_shadow_blocks,
          minmay_temple_entry_trees, portal_sewer_entry_f,
          roderic_serpentine_path, uniq_menkaure
D:5:      layout_basic

Skill      XL: |  1  2  3  4 |
---------------+-------------+-----
Long Blades    | 4 5 |  5.5
Armour         | 1 2 |  2.4
Fighting       | 4 |  4.6
Dodging        | 4 |  4.2

Action                     |  1- 3 |  4- 6 || total
---------------------------+-------+-------++-------
  Melee: Falchion          |    93 |    94 ||   187
Ability: Hop               |     1 |     1 ||     2
 Armour: Robe              |     2 |       ||     2
         Scale mail        |    26 |    19 ||    45
  Dodge: Dodged            |    86 |    45 ||   131
